Unix NetHack Version 5.0.0-0 post-release - last build May 23 2026 06:08:33 (1c0ff79ee797540d5714e4e18072db0edd9e58ae,branch:main).

Game began 2026-05-23 17:23:01, ended 2026-05-23 18:24:32.

Fletchius, chaotic male human Monk

  --- --                                     ----
 --.--.--                                   --.|.--      ---              ---
 |......|---     --------                   |......-------.---        ----..--
 |...%..||.%---  |..--..----- ---           |".......--.|....---   ----......|
 |.*....||....|  |..........---.--           -.................--- |.`.......|
 |......|----.|  --.|............|           |...................--|.........|
 ----.---   |.--------..........--           - -#.................--.........|
  |...|   ---....---...--.......|               |........-`..................|
  |.---   |.......|..-----......|               #--...............---...------
  |.|     |.........--   |......|         ##- --- |...--.-........| ---(.--
---.|     --.......---   |.....--         |.#--.---.........).....|   --..|
|...|      ---...(...--- ---..--   ----   |.*.........----......---    --.|
|..---   ----|---......|   |..|    |..|   |....[|......-------.-|       |.--
|...<-----..--.........|   ----    #..#   |..:.---......--   |..| --    |..|
----....*......---...--------  -----..|   ---).-|........|   --.--.--   |..|
   -----...........---  |...----.)..%.|   ---...|.|.....--  --|.....|   ----
    --.....---....----- |........--#-)-----.......|.....|   |.--....|
    |...|.............---....---#-  |...........--|.....--  |..|%.---
    --..|------------.......--      |..-----...@.|--.....|   -.%.--
     ----           ------..|       ----   ---.j-- ----.--   --.>|
                         ----                ----     ---     ----
Fletchius the Initiate          St:25 Dx:14 Co:18 In:8 Wi:11 Ch:10  Chaotic
Dlvl:9  $:208 HP:0(84) Pw:40(40) AC:1  Xp:9 T:5571 

Latest messages:
 In what direction? k
 The large cat seems more amiable.
 Your large cat devours a food ration.
 The warg bites!
 You hit the warg!
 You hit the warg!
 The warg bites!
 You kill the warg!
 You see here a warg corpse.
 Your large cat eats a warg corpse.
 What do you want to drink? [dgvABHOY or ?*] ?
 You feel better.
 What do you want to drink? [dgvABHOY or ?*] d
 You feel better.
 You climb up the stairs.
 You hit the quivering blob!
 You hit the quivering blob!
 You kill the quivering blob!
 Welcome to experience level 9.
 You feel perceptive!
 You see here a quivering blob corpse.
 The large cat picks up a quivering blob corpse.
 You climb up the stairs.
 The large cat drops a quivering blob corpse.
 You swap places with your large cat.
 The large cat drops a quivering blob corpse.
 With great effort you move the boulder.
 What do you want to drop? [$b-egi-np-zA-MO-Z or ?*] I
 You drop a lamp (lit).
 The large cat picks up a lamp.
 The large cat is almost hit by an arrow!
 Really step onto that arrow trap? [yn] (n) n
 The large cat drops a lamp.
 The large cat picks up a lamp.
 You swap places with your large cat.
 You swap places with your large cat.
 The large cat drops a lamp.
 You see here a lamp.
 I - a lamp.
 You see here a dagger.
 You hit the blue jelly!
 You are suddenly very cold!
 You hit the blue jelly!
 You hit the blue jelly!
 The immobile blue jelly seems to flinch.
 You are suddenly very cold!
 You hit the blue jelly!
 You are suddenly very cold!
 You die...
 Do you want your possessions identified? [ynq] (y) q

Inventory:
 Coins    ('$')
  $ - 208 gold pieces
 Amulets  ('"')
  K - an uncursed amulet of guarding (being worn)
 Armor    ('[')
  r - an uncursed +0 helm of brilliance (being worn)
  m - a blessed rustproof +2 pair of gauntlets of power (being worn)
  n - an uncursed +0 cloak of invisibility
  b - an uncursed +1 robe (being worn)
 Comestibles  ('%')
  U - an uncursed clove of garlic
  e - 8 uncursed food rations
  s - an uncursed sprig of wolfsbane
  T - an uncursed lizard corpse
 Scrolls  ('?')
  F - an uncursed scroll of destroy armor
  c - an uncursed scroll of scare monster
 Potions  ('!')
  H - 5 uncursed diluted potions of booze
  Y - a cursed potion of booze
  d - 2 uncursed potions of healing
  g - an uncursed potion of object detection
  v - a blessed potion of restore ability
  O - a cursed potion of restore ability
  B - 2 potions of holy water
  A - a potion of unholy water
 Rings    ('=')
  j - a cursed ring of hunger
  Z - an uncursed ring of slow digestion
  k - a cursed ring of stealth
 Wands    ('/')
  P - a wand of create monster (0:11)
  E - a wand of digging (0:3)
  V - a cursed wand of light (0:10)
  W - a wand of magic missile (0:6)
  w - a wand of sleep (0:4)
  S - a wand of sleep (0:3)
 Tools    ('(')
  J - an uncursed brass lantern
  M - a cursed brass lantern
  R - a cursed figurine of a troll
  X - a blessed oil lamp
  I - an uncursed oil lamp
  L - a +0 pick-axe
  G - an uncursed skeleton key
  Q - a +0 unicorn horn
 Gems/Stones  ('*')
  C - 3 uncursed amethyst stones
  z - an uncursed aquamarine stone
  u - 2 uncursed diamonds
  l - 4 uncursed emeralds
  p - 3 uncursed rubies
  t - an uncursed worthless piece of black glass
  i - an uncursed worthless piece of blue glass
  q - an uncursed worthless piece of white glass
  y - 2 uncursed worthless pieces of yellow glass
  x - 2 uncursed worthless pieces of yellowish brown glass
  D - a blessed luckstone

Fletchius the Monk's attributes:

Background:
 You were an Initiate, a level 9 male human Monk.
 You were chaotic, on a mission for Huan Ti
 who was opposed by Shan Lai Ching (lawful) and Chih Sung-tzu (neutral).
 You were left-handed.
 You were in the Gnomish Mines, on level 9.
 You entered the dungeon 5571 turns ago.
 You had 2566 experience points, 2554 more were needed to attain level 10.

Basics:
 You had 0 out of 84 hit points.
 You had all 40 energy points (spell power).
 Your armor class was 1.
 Your wallet contained 208 zorkmids.
 Autopickup was off.

Final Characteristics:
 Your strength was 25 (base:18/08, innate limit:18/100).
 Your dexterity was 14 (limit:18).
 Your constitution was 18 (limit:18).
 Your intelligence was 8 (limit:18).
 Your wisdom was 11 (limit:18).
 Your charisma was 10 (limit:18).

Final Status:
 You weren't hungry.
 You were unencumbered.
 You were empty handed.
 You had expert skill with martial arts.

Final Attributes:
 You were piously aligned.
 You were sleep resistant.
 You were poison resistant.
 You saw invisible.
 You were warned.
 You had automatic searching.
 You were stealthy.
 You had a small defense bonus (+2).
 You were protected.
 Your spell casting was enhanced by wearing a robe.
 You were fast.
 You were lucky.
 You had extra luck.
 Good luck did not time out for you.
 You are dead.

Miscellaneous:
 You encountered 1 bones level.
 Total elapsed playing time was 1 hour, 1 minute and 31 seconds.

Major events:
 Turn
    1: Fletchius the chaotic male human Monk entered the dungeon
  896: attained the rank of Novice (level 3)
 1246: entered the Gnomish Mines
 2421: attained the rank of Initiate (level 6)
 2940: reached Mine Town
 3137: made his first wish - "blessed fixed +2 gauntlets of power", got "a pair of old gloves"
 5035: acquired the Mines' End luckstone
 5571: killed by a blue jelly

Spells:
 Name                 Level Category     Fail Retention
 confuse monster        1   enchantment    0%   51%-75%
 protection             1   clerical       0%  76%-100%
 invisibility           4   escape        94%  76%-100%

Skills:
 Fighting Skills
   martial arts       [Expert]
 Weapon Skills
   quarterstaff       [Unskilled]
   spear              [Unskilled]
   crossbow           [Unskilled]
   shuriken           [Unskilled]
 Spellcasting Skills
   attack spells      [Unskilled]
   healing spells     [Basic]
   divination spells  [Unskilled]
   enchantment spells [Unskilled]
   clerical spells    [Unskilled]
   escape spells      [Unskilled]
   matter spells      [Unskilled]

Voluntary challenges:
 Character rerolling was not enabled.
 You never hit with a wielded weapon.
 You never genocided any monsters.
 You never polymorphed an object.
 You never changed form.
 You used 1 wish.
 You did not wish for any artifacts.
Achievements:
 You entered a shop.
 You attained the rank of Novice.
 You entered the Gnomish Mines.
 You attained the rank of Initiate.
 You entered Minetown.
 You entered a temple.
 You completed the Gnomish Mines.

 The Dungeons of Doom: levels 1 to 4
    Level 1:
       Some altars, many fountains.
    Level 2:
       A general store, a fountain.
    Level 3:
       A general store, a fountain.
    Level 4:
       A fountain.
       Stairs down to The Gnomish Mines.
 The Gnomish Mines: levels 5 to 12
    Level 5:
    Level 6:
    Level 7:
    Level 8:
       Many shops, a temple and an altar to Huan Ti, some fountains, a grave.
       Final resting place for
          Brudee-Tou-Hum-Fem-Neu, killed by a watchman, while fainted from lack of food.
    Level 9: <- You were here.
       Final resting place for
          you, killed by a blue jelly.
    Level 10:
    Level 11:
    Level 12:


Vanquished creatures:
  a ghost
  2 wargs
  a small mimic
  a cobra
  a chameleon
  a crocodile
  a giant beetle
  a quivering blob
 an orc-captain
  4 giant spiders
  4 gnome rulers
 an owlbear
  a lizard
  a housecat
  a jaguar
  2 white unicorns
  a dust vortex
  a snake
  2 fire ants
  3 water nymphs
  a mountain nymph
  2 rock moles
  a fog cloud
  3 yellow lights
 12 gnome leaders
  3 gnomish wizards
  a gray ooze
  a ghoul
  5 giant ants
 19 dwarves
  a kobold leader
  a giant bat
  a monkey
  3 orc zombies
  a dwarf zombie
  a wererat
  a werejackal
 an iguana
  4 coyotes
  5 hobbits
  6 manes
  a hobgoblin
  4 giant rats
  a cave spider
 65 gnomes
  3 geckos
  7 jackals
  2 kobolds
  3 goblins
  2 sewer rats
  2 grid bugs
  4 lichens
  2 kobold zombies
  5 newts
205 creatures vanquished.

No species were genocided or became extinct.

Game over:
                       ----------
                      /          \
                     /    REST    \
                    /      IN      \
                   /     PEACE      \
                  /                  \
                  |    Fletchius     |
                  |      208 Au      |
                  | killed by a blue |
                  |      jelly       |
                  |                  |
                  |                  |
                  |       2026       |
                 *|     *  *  *      | *
        _________)/\\_//(\/(/\)/\//\/|_)_______

Goodbye Fletchius the Monk...

You died in The Gnomish Mines on dungeon level 9 with 11142 points,
and 208 pieces of gold, after 5571 moves.
You were level 9 with a maximum of 84 hit points when you died.

